[Event "Titled Tuesday Blitz June 28 Early 2022"]
[White "Hambleton, Aman"]
[Black "Daeschler, Florian"]
[WhiteFideId "2606577"]
[BlackFideId "20678193"]
[WhiteElo "2552"]
[BlackElo "2221"]
[Result "0-1"]
[Round "03"]
[TimeControl "180+1"]
[Date "2022.06.28"]
[WhiteClock "0:00:02"]
[BlackClock "0:00:08"]

1. d4 d5 2. Bf4 Nf6 3. e3 c5 4. c3 Nc6 5. Nd2 cxd4 6. exd4 Bf5 7. Qb3 Qc8 8. Ngf3 e6 9. Nh4 Be4 10. f3 Bg6 11. g3 Be7 12. Be3 Bd6 13. Nxg6 hxg6 14. Bf2 Ne7 15. O-O-O a6 16. Kb1 b5 17. Bd3 Nc6 18. f4 Na5 19. Qc2 Nc4 20. Nf3 Rb8 21. Qe2 Kf8 22. Ne5 b4 23. cxb4 Rxb4 24. b3 Na3+ 25. Kb2 Rb6 26. Rc1 Qb7 27. g4 Ne4 28. Bxe4 dxe4 29. Bg3 Nb5 30. Rhe1 Ba3+ 31. Ka1 Bxc1 32. Rxc1 Ke7 33. Qc4 Rd8 34. Nc6+ Rxc6 35. Qxc6 Qxc6 36. Rxc6 Rxd4 37. Rxa6 e3 38. Rb6 Nc3 39. Kb2 Ne4 40. Rb7+ Ke8 41. Be1 e2 42. Rb8+ Kd7 43. Rb7+ Kc6 44. Rxf7 Rd1 45. Bb4 Nd2 46. Kc2 e1=Q 0-1


[Site "https://www.chess.com"]

[Event "Titled Tuesday Blitz June 28 Early 2022"]
[White "Hollan, Petr"]
[Black "Kohler, Aran"]
[WhiteFideId "360945"]
[BlackFideId "1002856"]
[WhiteElo "2284"]
[BlackElo "2245"]
[Result "1/2-1/2"]
[Round "03"]
[TimeControl "180+1"]
[Date "2022.06.28"]
[WhiteClock "0:00:20"]
[BlackClock "0:00:11"]

1. e4 c5 2. Nf3 d6 3. d4 cxd4 4. Nxd4 Nf6 5. Nc3 a6 6. Rg1 e5 7. Nb3 h5 8. h3 Be6 9. Bg5 Be7 10. Qd2 Nbd7 11. O-O-O Rc8 12. f3 h4 13. Kb1 b5 14. Bd3 Nh5 15. Bxe7 Qxe7 16. Ne2 Nc5 17. Qa5 Qb7 18. Nec1 O-O 19. Qe1 Qe7 20. c3 Nxd3 21. Nxd3 Bc4 22. Ndc1 Ng3 23. Nd2 f5 24. Nxc4 bxc4 25. Ne2 fxe4 26. Nxg3 hxg3 27. Qxe4 Rf6 28. Qh4 Qe6 29. Qxg3 Qf5+ 30. Ka1 Rb8 31. Qf2 Qd7 32. Qe2 Qb5 33. Rd2 a5 34. Rgd1 Rb6 35. Rd5 Qa4 36. Kb1 Kf7 37. Qc2 Qc6 38. Rxa5 Rb7 39. Rad5 Rb6 40. Qe4 Qb7 41. R5d2 Qxe4+ 42. fxe4 Rf4 43. Re2 Ke6 44. Kc2 Rb8 45. Rdd2 Ra8 46. Kb1 Rf1+ 47. Kc2 Rxa2 48. Rf2 Re1 49. Rde2 Rh1 50. Rf3 Raa1 51. Kd2 Rad1+ 52. Ke3 g5 53. Kf2 Rhf1+ 54. Kg3 Rfe1 55. Rxe1 Rxe1 56. Kg4 Rxe4+ 57. Kxg5 Re2 58. g4 Rxb2 59. h4 Rh2 60. h5 e4 61. Rf8 d5 62. h6 Ke5 63. Kg6 e3 64. g5 Ke4 65. h7 d4 66. Re8+ Kd3 67. cxd4 Kxd4 68. h8=Q+ Rxh8 69. Rxh8 c3 70. Rd8+ Kc4 71. Kh7 e2 72. Re8 Kd3 73. g6 c2 74. g7 c1=Q 75. g8=Q Qh1+ 76. Kg7 Qg2+ 77. Kh7 Qxg8+ 78. Kxg8 Kd2 79. Rxe2+ Kxe2 1/2-1/2


[Site "https://www.chess.com"]

[Event "Titled Tuesday Blitz June 28 Early 2022"]
[White "Ibarra Jerez, Jose Carlos"]
[Black "Adewumi, Tanitoluwa"]
[WhiteFideId "2226332"]
[BlackFideId "30966396"]
[WhiteElo "2628"]
[BlackElo "2671"]
[Result "0-1"]
[Round "03"]
[TimeControl "180+1"]
[Date "2022.06.28"]
[WhiteClock "0:00:02"]
[BlackClock "0:00:16"]

1. e4 c5 2. Nc3 e6 3. Nf3 Nc6 4. d4 cxd4 5. Nxd4 Qc7 6. g3 a6 7. Bg2 d6 8. O-O Be7 9. Re1 Bd7 10. Nxc6 Bxc6 11. a4 Nf6 12. a5 O-O 13. Be3 Rfc8 14. Bb6 Qb8 15. Nd5 Bxd5 16. exd5 e5 17. Bh3 Re8 18. c4 Bd8 19. b4 Bxb6 20. axb6 Qd8 21. c5 dxc5 22. bxc5 e4 23. d6 Re5 24. Qd4 Rd5 25. Qc4 Rh5 26. Kg2 Rc8 27. Bxc8 Qxc8 28. h4 Rxc5 29. Qb4 Qc6 30. Qxc5 Qxc5 31. Rac1 Qf5 32. Rc7 h5 33. Kg1 Qd5 34. Rb1 e3 35. fxe3 Qxd6 36. Rxb7 Qxg3+ 37. Kf1 Qf3+ 0-1


[Site "https://www.chess.com"]

[Event "Titled Tuesday Blitz June 28 Early 2022"]
[White "Ider, Borya"]
[Black "Reprintsev, Alexander"]
[WhiteFideId "4901134"]
[BlackFideId "14100541"]
[WhiteElo "2512"]
[BlackElo "2108"]
[Result "1-0"]
[Round "03"]
[TimeControl "180+1"]
[Date "2022.06.28"]
[WhiteClock "0:00:52"]
[BlackClock "0:01:00"]

1. Nf3 d5 2. g3 Nc6 3. Bg2 Bg4 4. d4 Qd7 5. h3 Bxf3 6. Bxf3 f5 7. c4 e6 8. Nc3 Nf6 9. cxd5 exd5 10. Bg5 Ne4 11. Bxe4 fxe4 12. e3 Be7 13. Bxe7 Nxe7 14. Qh5+ g6 15. Qe2 O-O 16. h4 c5 17. dxc5 Rac8 18. Rd1 Rxc5 19. Nxe4 Ra5 20. Nc3 Nf5 21. O-O d4 22. exd4 Kg7 23. d5 Re8 24. Qd2 b5 25. a3 Ra6 26. Rfe1 Rd8 27. Ne4 Rb6 28. Qc3+ Kh6 29. Qc1+ Kg7 30. Nc5 1-0


[Site "https://www.chess.com"]

[Event "Titled Tuesday Blitz June 28 Early 2022"]
[White "Iinuma, Paul Y"]
[Black "Martinez, Shawn"]
[WhiteFideId "2031809"]
[BlackFideId "2039770"]
[WhiteElo "2052"]
[BlackElo "2174"]
[Result "0-1"]
[Round "03"]
[TimeControl "180+1"]
[Date "2022.06.28"]
[WhiteClock "0:00:01"]
[BlackClock "0:00:20"]

1. e4 c5 2. Nf3 e6 3. d4 cxd4 4. Nxd4 a6 5. Bd3 Nf6 6. O-O d6 7. a4 Be7 8. Nc3 e5 9. Nb3 O-O 10. Bg5 Nbd7 11. a5 h6 12. Be3 Qc7 13. f3 Nc5 14. Nxc5 dxc5 15. Bc4 Be6 16. Bxe6 fxe6 17. Qe1 Rad8 18. Na4 Nh5 19. g3 Nf6 20. Qc3 Rc8 21. Qc4 Qc6 22. Rad1 Rfd8 23. Kg2 Rd4 24. Bxd4 cxd4 25. Qxc6 Rxc6 26. c3 dxc3 27. bxc3 Rc4 28. Ra1 Ne8 29. Rfb1 Nd6 30. Rb6 Kf7 31. Kf2 Nb5 32. Rxb7 Kf6 33. Ke3 Nxc3 34. Nb6 Rd4 35. Nd7+ Kf7 36. Nxe5+ Kf8 37. Kxd4 Nb5+ 38. Kd3 Bf6 39. Ng6+ Kg8 40. Rc1 Nd6 41. Rd7 Nf7 42. Rc8+ Bd8 0-1


[Site "https://www.chess.com"]

[Event "Titled Tuesday Blitz June 28 Early 2022"]
[White "Ingebretsen, Jens E"]
[Black "Hakobyan, Aram"]
[WhiteFideId "1522965"]
[BlackFideId "13306677"]
[WhiteElo "2036"]
[BlackElo "2557"]
[Result "1-0"]
[Round "03"]
[TimeControl "180+1"]
[Date "2022.06.28"]
[WhiteClock "0:00:30"]
[BlackClock "0:00:34"]

1. c4 g6 2. Nc3 Bg7 3. g3 d6 4. Bg2 Nc6 5. Nf3 Bd7 6. O-O Qc8 7. Re1 Bh3 8. Bh1 h5 9. d4 h4 10. d5 Ne5 11. Nxe5 Bxe5 12. f4 Bg7 13. e4 Nf6 14. e5 Ng4 15. e6 f5 16. Be3 hxg3 17. hxg3 Nxe3 18. Rxe3 Bg4 19. Bf3 Bxf3 20. Rxf3 c6 21. Kg2 Qc7 22. Qa4 Qb6 23. dxc6 bxc6 24. Nd5 Qxb2+ 25. Rf2 Rh2+ 26. Kxh2 Qxf2+ 27. Kh3 Kf8 28. Qxc6 Re8 29. Rb1 Bd4 30. Qxe8+ Kg7 31. Qxe7+ 1-0


[Site "https://www.chess.com"]

[Event "Titled Tuesday Blitz June 28 Early 2022"]
[White "Ismagilov, Damir"]
[Black "Rom, Jasper"]
[WhiteFideId "34199982"]
[BlackFideId "2023733"]
[WhiteElo "2138"]
[BlackElo "2233"]
[Result "1-0"]
[Round "03"]
[TimeControl "180+1"]
[Date "2022.06.28"]
[WhiteClock "0:00:21"]
[BlackClock "0:00:03"]

1. d4 d5 2. c4 e6 3. Nc3 c6 4. e4 dxe4 5. Nxe4 Bb4+ 6. Bd2 Qxd4 7. Bxb4 Qxe4+ 8. Be2 Na6 9. Ba5 b6 10. Qd6 Bd7 11. Bc3 f6 12. Nf3 O-O-O 13. Nd2 Qf5 14. O-O Qc5 15. Qg3 Qe7 16. b4 Nh6 17. c5 Nc7 18. Nc4 Nf5 19. Nd6+ Qxd6 20. cxd6 Nxg3 21. hxg3 Nd5 22. Rfc1 Be8 23. a4 Rxd6 24. Be1 Kb7 25. a5 b5 26. a6+ Kb8 27. f3 Bf7 28. Bf2 Rc8 29. Bc5 Rd7 30. Kf2 e5 31. Rc2 Nb6 32. Bxb6 axb6 33. Bxb5 cxb5 34. a7+ Rxa7 35. Rxc8+ Kxc8 36. Rxa7 Bg6 37. Rxg7 Kb8 38. Ke3 Kc8 39. f4 Kd8 40. g4 1-0


[Site "https://www.chess.com"]

[Event "Titled Tuesday Blitz June 28 Early 2022"]
[White "Ismayil, Malak"]
[Black "Hartikainen, Jarmo"]
[WhiteFideId "13412604"]
[BlackFideId "503134"]
[WhiteElo "1879"]
[BlackElo "2154"]
[Result "1-0"]
[Round "03"]
[TimeControl "180+1"]
[Date "2022.06.28"]
[WhiteClock "0:00:17"]
[BlackClock "0:00:03"]

1. e4 c5 2. Nf3 Nc6 3. Bb5 g6 4. O-O Bg7 5. Bxc6 dxc6 6. d3 Bg4 7. h3 Bxf3 8. Qxf3 e5 9. Be3 b6 10. Nd2 Nf6 11. Qg3 Nd7 12. Rae1 O-O 13. b3 Qe7 14. f4 f5 15. Kh1 Rae8 16. fxe5 fxe4 17. Nxe4 Rxf1+ 18. Rxf1 Qxe5 19. Bf4 Qb2 20. Qg4 Nf6 21. Nxf6+ Qxf6 22. Qf3 Qe6 23. Bg3 Rf8 24. Qd1 Rxf1+ 25. Qxf1 h6 26. a4 a6 27. Qf3 b5 28. axb5 cxb5 29. Bf2 Bd4 30. Bxd4 cxd4 31. Qf4 Qe1+ 32. Kh2 Qe3 33. Qb8+ Kg7 34. Qc7+ Kg8 35. Qd8+ Kg7 36. Qd7+ Kg8 37. Qd5+ Kg7 38. Qb7+ Kg8 39. Qb8+ Kg7 40. h4 h5 41. Qd6 Kf7 42. Qd5+ Kg7 43. Qd7+ Kg8 44. Qd6 Kg7 45. b4 Kf7 46. Qg3 Qxg3+ 47. Kxg3 Kf6 48. Kf4 g5+ 49. hxg5+ Kg6 50. g3 1-0


[Site "https://www.chess.com"]

[Event "Titled Tuesday Blitz June 28 Early 2022"]
[White "Ivanov, Mike"]
[Black "Mitrovic, Darko R"]
[WhiteFideId "2613158"]
[BlackFideId "927023"]
[WhiteElo "2182"]
[BlackElo "2150"]
[Result "1-0"]
[Round "03"]
[TimeControl "180+1"]
[Date "2022.06.28"]
[WhiteClock "0:00:16"]
[BlackClock "0:00:47"]

1. e4 e6 2. Nf3 d5 3. Nc3 Nf6 4. e5 Nfd7 5. Ne2 c5 6. c3 Be7 7. d4 O-O 8. h4 b6 9. h5 Ba6 10. h6 g6 11. Nf4 Bxf1 12. Kxf1 Nc6 13. Be3 Rc8 14. g3 b5 15. Kg2 a5 16. Rc1 cxd4 17. cxd4 Qb6 18. Qd2 a4 19. Nd3 Na5 20. Bg5 Nc4 21. Qf4 f6 22. exf6 Bxf6 23. Qg4 Bxg5 24. Nxg5 Rf5 25. Rhe1 Rcf8 26. Rxe6 Qb7 27. Re7 Nxb2 28. Rg7+ Kh8 29. Rxh7+ Kg8 30. Rg7+ Kh8 31. Nf4 Rxf4 32. gxf4 Nf6 33. Rxb7 Nxg4 34. Rh7+ Kg8 35. Rcc7 Nxh6 36. Rcg7# 1-0


[Site "https://www.chess.com"]

[Event "Titled Tuesday Blitz June 28 Early 2022"]
[White "Jeet, Jain"]
[Black "Bortnyk, Mykola"]
[WhiteFideId "5073022"]
[BlackFideId "14120836"]
[WhiteElo "2055"]
[BlackElo "2582"]
[Result "0-1"]
[Round "03"]
[TimeControl "180+1"]
[Date "2022.06.28"]
[WhiteClock "0:00:54"]
[BlackClock "0:01:21"]

1. Nf3 d5 2. e3 Nc6 3. b3 Bg4 4. d4 e5 5. dxe5 Nxe5 6. Bb2 Nxf3+ 7. gxf3 Bh5 8. Be2 Nf6 9. f4 Bxe2 10. Qxe2 c6 11. Nd2 Bb4 12. a3 Bxd2+ 13. Qxd2 Ne4 14. Qe2 Qh4 15. Qf3 f6 16. c4 O-O-O 17. cxd5 Rhe8 18. h3 Rxd5 19. Qg4+ Qxg4 20. hxg4 Rd2 21. Bd4 Rxf2 22. Rxh7 Rc2 23. Rxg7 Rh8 24. Kd1 Rd2+ 0-1


[Site "https://www.chess.com"]

[Event "Titled Tuesday Blitz June 28 Early 2022"]
[White "Jia, Haoxiang"]
[Black "Zochowski, Kacper"]
[WhiteFideId "8602999"]
[BlackFideId "1125494"]
[WhiteElo "2622"]
[BlackElo "2214"]
[Result "0-1"]
[Round "03"]
[TimeControl "180+1"]
[Date "2022.06.28"]
[WhiteClock "0:00:02"]
[BlackClock "0:00:18"]

1. e4 c5 2. Nc3 Nc6 3. g3 g6 4. Bg2 Bg7 5. d3 d6 6. Be3 Rb8 7. Qd2 b5 8. Nge2 b4 9. Nd1 Nd4 10. O-O e6 11. f4 Ne7 12. a3 bxa3 13. Rxa3 Qc7 14. c3 Ndc6 15. Nf2 O-O 16. d4 cxd4 17. Nxd4 Rd8 18. Rfa1 a5 19. Nd3 Ba6 20. Ne1 Bc4 21. Nef3 Rb7 22. Nxc6 Nxc6 23. Nd4 Nxd4 24. Bxd4 e5 25. Be3 Rdb8 26. Rxa5 Rxb2 27. Qc1 Bd3 28. Ra8 h5 29. Rxb8+ Rxb8 30. Bf1 Bxf1 31. Kxf1 Qc4+ 32. Kf2 Qxe4 33. Qd2 exf4 34. gxf4 Bf6 35. Rd1 Bh4+ 36. Kg1 Rb2 37. Qd5 Qxe3+ 0-1


[Site "https://www.chess.com"]

[Event "Titled Tuesday Blitz June 28 Early 2022"]
[White "Jiganchine, Roman"]
[Black "Elgersma, Onno"]
[WhiteFideId "2603667"]
[BlackFideId "1053531"]
[WhiteElo "2272"]
[BlackElo "2304"]
[Result "0-1"]
[Round "03"]
[TimeControl "180+1"]
[Date "2022.06.28"]
[WhiteClock "0:00:02"]
[BlackClock "0:00:15"]

1. Nf3 Nf6 2. c4 c5 3. e3 g6 4. d4 cxd4 5. exd4 d5 6. Nc3 Bg7 7. Qb3 dxc4 8. Bxc4 O-O 9. O-O Nc6 10. Ne5 e6 11. Nxc6 bxc6 12. Be3 Nd5 13. Rad1 a5 14. Ne4 a4 15. Qd3 Rb8 16. b3 Nb4 17. Qe2 axb3 18. axb3 Ra8 19. Nc5 Ra2 20. Qf3 Nd5 21. h3 Qh4 22. Ra1 Rxa1 23. Rxa1 Bxd4 24. g3 Qf6 25. Qxf6 Bxf6 26. Re1 Nxe3 27. fxe3 Rd8 28. Ne4 Be5 29. g4 Kg7 30. Re2 h6 31. Kg2 f5 32. Nc5 Kf6 33. Nd3 Bc7 34. e4 e5 35. gxf5 gxf5 36. Nc5 f4 37. Kf3 Bb6 38. b4 Bxc5 39. bxc5 Rd4 40. Rc2 Bxh3 41. Ba6 Be6 42. Bb7 Rd8 43. Bxc6 Rc8 44. Bd5 Rc7 45. c6 Ke7 46. Rh2 Bxd5 47. exd5 Kd6 48. Ke4 Rh7 49. Rc2 h5 50. Rg2 h4 51. Rg6+ Kc5 52. Kxe5 h3 53. Rg1 h2 54. Rc1+ Kb5 55. Rh1 f3 56. Kd6 f2 57. c7 Kb6 0-1


[Site "https://www.chess.com"]

[Event "Titled Tuesday Blitz June 28 Early 2022"]
[White "Jobava, Baadur"]
[Black "McCoy, Owen"]
[WhiteFideId "13601520"]
[BlackFideId "30924502"]
[WhiteElo "2617"]
[BlackElo "2536"]
[Result "1-0"]
[Round "03"]
[TimeControl "180+1"]
[Date "2022.06.28"]
[WhiteClock "0:02:52"]
[BlackClock "0:00:37"]

1. b3 e5 2. Bb2 f6 3. e3 Nh6 4. Ne2 Nf7 5. d4 d6 6. c4 Nc6 7. Nbc3 g6 8. g3 Bg7 9. Bg2 O-O 10. O-O f5 11. Qd2 e4 12. f3 exf3 13. Bxf3 Ng5 14. Bg2 Qe8 15. Nf4 a6 16. Rae1 Kh8 17. h4 Nf7 18. Ncd5 Qd8 19. e4 fxe4 20. Bxe4 Nh6 21. Bxg6 hxg6 22. Nxg6+ Kh7 23. Nxf8+ Bxf8 24. Nf6+ Kh8 25. Re8 Qxe8 26. Nxe8 1-0


[Site "https://www.chess.com"]

[Event "Titled Tuesday Blitz June 28 Early 2022"]
[White "Jubin Jimmy"]
[Black "Artemenko, Oleg"]
[WhiteFideId "46686614"]
[BlackFideId "14201798"]
[WhiteElo "2219"]
[BlackElo "2287"]
[Result "0-1"]
[Round "03"]
[TimeControl "180+1"]
[Date "2022.06.28"]
[WhiteClock "0:00:27"]
[BlackClock "0:00:09"]

1. d4 Nf6 2. c4 e6 3. Nc3 c5 4. d5 exd5 5. cxd5 d6 6. Nf3 g6 7. Bf4 Bg7 8. h3 O-O 9. e3 Na6 10. Be2 Nc7 11. a4 b6 12. O-O Rb8 13. Bh2 a6 14. Nd2 b5 15. axb5 axb5 16. Nde4 Nxe4 17. Nxe4 Ne8 18. Qd2 Qb6 19. Ra2 Bf5 20. Nc3 Nc7 21. Rfa1 Rfe8 22. Kh1 Bd7 23. Bg3 f5 24. Bd3 c4 25. Bf1 Ra8 26. Rxa8 Rxa8 27. Rxa8+ Nxa8 28. e4 b4 29. Nd1 Qc5 30. Qc1 Nb6 31. exf5 Bxf5 32. Ne3 Bd3 33. Bxd3 cxd3 34. Qd2 Nxd5 35. Qxd3 Nxe3 36. fxe3 d5 37. b3 Bf6 38. Qa6 Kf7 39. Qb7+ Be7 40. Bf2 Qc1+ 41. Kh2 Qd2 42. Bg3 Qxe3 43. Qxd5+ Qe6 44. Qd3 h5 45. Bf4 Qf6 46. Kg3 h4+ 47. Kg4 Qe6+ 48. Kf3 Qc6+ 49. Qe4 Qc3+ 50. Qe3 Qc6+ 51. Ke2 Qxg2+ 52. Kd3 Qd5+ 53. Ke2 g5 54. Bc7 Bf6 55. Bb6 Kg6 56. Bc5 Kf5 57. Bxb4 Qg2+ 58. Kd3 Qf1+ 59. Kc2 Qg2+ 60. Kd3 Qd5+ 61. Ke2 Bd4 62. Qf3+ Qxf3+ 63. Kxf3 Be5 64. Bd2 Bb8 65. b4 Bc7 66. b5 Bb6 67. Be3 Bc7 68. b6 Bd6 69. Bc5 Bxc5 70. b7 Bd6 71. Ke2 Kf4 72. Kf2 Bb8 73. Kg2 Ke3 74. Kg1 Kf3 75. Kh1 Kg3 76. Kg1 Kxh3 0-1


[Site "https://www.chess.com"]

[Event "Titled Tuesday Blitz June 28 Early 2022"]
[White "Kalogridis, Antonios"]
[Black "Kanyamarala, Trisha"]
[WhiteFideId "25833901"]
[BlackFideId "45004722"]
[WhiteElo "1596"]
[BlackElo "2134"]
[Result "0-1"]
[Round "03"]
[TimeControl "180+1"]
[Date "2022.06.28"]
[WhiteClock "0:00:01"]
[BlackClock "0:00:08"]

1. f3 e5 2. Nc3 d5 3. d4 exd4 4. Qxd4 Nf6 5. Bg5 c5 6. Qe5+ Be6 7. O-O-O Nc6 8. Qg3 Bd6 9. Qh4 d4 10. Nb5 Be7 11. Qg3 O-O 12. Nc7 Nh5 13. Nxe6 Nxg3 14. Nxd8 Nxh1 15. Bxe7 Nxe7 16. Nxb7 Nf2 17. Rd2 Rac8 18. Nd6 Rc6 19. Nc4 Rb8 20. e4 dxe3 21. Nxe3 Re6 22. Rxf2 Rxe3 23. Ne2 h6 24. Nc3 Re1+ 25. Kd2 Re6 26. Bc4 Rd6+ 27. Kc1 Nf5 28. b3 Ne3 29. Bd3 Nd5 30. Ne4 Rc6 31. Re2 Nb4 32. Bc4 Nxa2+ 33. Kb2 Nb4 34. Nc3 Rd8 35. Re7 a5 36. Rxf7 Kh8 37. Ne4 Rd2 38. Rf8+ Kh7 39. Rf7 Rxc2+ 40. Kb1 Rxg2 41. Bd3 Kg8 0-1


[Site "https://www.chess.com"]

[Event "Titled Tuesday Blitz June 28 Early 2022"]
[White "Kamsky, Gata"]
[Black "Djokic, Mihailo"]
[WhiteFideId "2000024"]
[BlackFideId "976440"]
[WhiteElo "2645"]
[BlackElo "2255"]
[Result "1-0"]
[Round "03"]
[TimeControl "180+1"]
[Date "2022.06.28"]
[WhiteClock "0:00:18"]
[BlackClock "0:00:09"]

1. d4 Nf6 2. Nf3 g6 3. Bg5 Bg7 4. c3 O-O 5. Nbd2 d6 6. e4 c5 7. dxc5 dxc5 8. Bc4 Nc6 9. O-O Qc7 10. Qe2 h6 11. Bh4 b6 12. Bg3 e5 13. Rfd1 Nh5 14. Nf1 Kh7 15. Ne3 Ne7 16. Rd2 Rb8 17. Rad1 Nf4 18. Qf1 g5 19. a4 f5 20. exf5 Nxf5 21. Nxf5 Bxf5 22. Bxf4 gxf4 23. Nh4 Qc8 24. Nxf5 Qxf5 25. f3 Kh8 26. Qe2 Bf6 27. Bd3 Qg5 28. Qe4 Qg7 29. Bc4 Rbd8 30. Kf1 Rxd2 31. Rxd2 Rd8 32. Rxd8+ Bxd8 33. Qc6 Qf8 34. Qd7 Qe7 35. Qd5 Qg7 36. Qxd8+ 1-0


[Site "https://www.chess.com"]

[Event "Titled Tuesday Blitz June 28 Early 2022"]
[White "Kanyamarala, Tarun"]
[Black "Jakubowska, Anna"]
[WhiteFideId "45004714"]
[BlackFideId "1121952"]
[WhiteElo "2219"]
[BlackElo "1878"]
[Result "0-1"]
[Round "03"]
[TimeControl "180+1"]
[Date "2022.06.28"]
[WhiteClock "0:01:24"]
[BlackClock "0:01:28"]

1. Nf3 f5 2. d3 d5 3. c4 c6 4. g3 Nf6 5. Bg2 g6 6. O-O Bg7 7. Nbd2 O-O 8. e4 dxe4 9. dxe4 fxe4 10. Ng5 e3 11. fxe3 h6 12. Ngf3 Be6 13. Ne5 g5 14. Ndf3 Nbd7 15. Nd4 Nxe5 16. Nxe6 Qxd1 17. Rxd1 Rf7 18. b3 Nfg4 19. h3 Nf3+ 20. Kh1 Nf2# 0-1


[Site "https://www.chess.com"]

[Event "Titled Tuesday Blitz June 28 Early 2022"]
[White "Kapitsyn, Mark"]
[Black "Jaskolka, Tomasz"]
[WhiteFideId "4116240"]
[BlackFideId "1170791"]
[WhiteElo "2283"]
[BlackElo "2073"]
[Result "0-1"]
[Round "03"]
[TimeControl "180+1"]
[Date "2022.06.28"]
[WhiteClock "0:00:11"]
[BlackClock "0:01:05"]

1. e4 c5 2. c3 Nf6 3. e5 Nd5 4. d4 cxd4 5. Nf3 e6 6. cxd4 Nc6 7. Bc4 d6 8. Qe2 Nb6 9. Bd3 dxe5 10. dxe5 Bd7 11. O-O h6 12. Nc3 Be7 13. Rd1 Nb4 14. Bb1 N4d5 15. Bd2 Rc8 16. a3 a6 17. Be4 Bc6 18. Rac1 Qd7 19. h4 O-O 20. Bb1 Nxc3 21. Bxc3 Bxf3 22. Qxf3 Qa4 23. Qd3 g6 24. h5 Rfd8 25. Qe2 g5 26. b3 Qf4 27. Bd2 Rxc1 28. Bxf4 Rdxd1+ 29. Kh2 gxf4 30. Qg4+ Bg5 31. g3 Rxb1 32. gxf4 Rh1+ 33. Kg2 Rbg1+ 0-1


[Site "https://www.chess.com"]

[Event "Titled Tuesday Blitz June 28 Early 2022"]
[White "Karas, Marek"]
[Black "Florescu, Codrut-Constantin"]
[WhiteFideId "14928558"]
[BlackFideId "1202200"]
[WhiteElo "2271"]
[BlackElo "2191"]
[Result "0-1"]
[Round "03"]
[TimeControl "180+1"]
[Date "2022.06.28"]
[WhiteClock "0:01:19"]
[BlackClock "0:01:27"]

1. d4 Nf6 2. Nf3 e6 3. Bf4 c5 4. e3 d5 5. c3 Nc6 6. Nbd2 Be7 7. Bd3 Nh5 8. Bg3 g6 9. Qe2 O-O 10. Rd1 b6 11. a3 a5 12. e4 a4 13. O-O Nxg3 14. hxg3 cxd4 15. cxd4 Na5 16. exd5 exd5 17. Ne5 Bf6 18. Bb5 Bxe5 19. Qxe5 Ba6 20. Bxa6 Rxa6 21. Rfe1 b5 22. Qe7 Nc4 23. Nxc4 bxc4 24. Qc5 Qd6 25. Re5 Rd8 26. Rde1 Qxc5 27. dxc5 Rc6 28. Re7 d4 29. Ra7 Rxc5 30. Rxa4 c3 31. bxc3 dxc3 32. Kh2 c2 33. Rc1 Rd1 34. Ra8+ Kg7 0-1


[Site "https://www.chess.com"]

[Event "Titled Tuesday Blitz June 28 Early 2022"]
[White "Karavade, Eesha"]
[Black "Yoo, Christopher Woojin"]
[WhiteFideId "5012600"]
[BlackFideId "30909694"]
[WhiteElo "2258"]
[BlackElo "2105"]
[Result "0-1"]
[Round "03"]
[TimeControl "180+1"]
[Date "2022.06.28"]
[WhiteClock "0:00:11"]
[BlackClock "0:00:03"]

1. d4 Nf6 2. c4 e6 3. Nf3 d5 4. g3 Bb4+ 5. Bd2 Be7 6. Bg2 O-O 7. O-O Nbd7 8. Qc2 c6 9. b3 b6 10. Bf4 Ba6 11. Nbd2 Rc8 12. e4 c5 13. exd5 exd5 14. Rfd1 Re8 15. dxc5 Bxc5 16. Qf5 Re2 17. Rf1 dxc4 18. Nxc4 Bxc4 19. bxc4 Qe7 20. Rae1 Bxf2+ 21. Rxf2 Rxe1+ 22. Nxe1 Qxe1+ 23. Rf1 Qe7 24. Rd1 Rxc4 25. Qb5 Rc5 26. Qd3 Rc8 27. Bd6 Qe6 28. Bb4 h6 29. a4 Nc5 30. Qb5 Qb3 31. Rf1 Qxa4 32. Qxa4 Nxa4 33. Ra1 b5 34. Bb7 Rb8 35. Bc6 Rb6 36. Rc1 Rb8 37. Bd6 Rc8 38. Rc2 Nb6 39. Be4 Nxe4 0-1


[Site "https://www.chess.com"]

[Event "Titled Tuesday Blitz June 28 Early 2022"]
[White "Khamdamova, Afruza"]
[Black "Barria Zuniga, Daniel"]
[WhiteFideId "14210444"]
[BlackFideId "3400816"]
[WhiteElo "1660"]
[BlackElo "2414"]
[Result "1-0"]
[Round "03"]
[TimeControl "180+1"]
[Date "2022.06.28"]
[WhiteClock "0:00:19"]
[BlackClock "0:00:02"]

1. e4 c5 2. Nf3 e6 3. d4 cxd4 4. Nxd4 a6 5. Bd3 Ne7 6. O-O Nec6 7. Be3 Be7 8. c4 O-O 9. Nc3 d6 10. Kh1 Nd7 11. f4 Nxd4 12. Bxd4 Bf6 13. e5 dxe5 14. fxe5 Bxe5 15. Bxe5 Nxe5 16. Bxh7+ Kxh7 17. Qh5+ Kg8 18. Qxe5 f6 19. Qg3 Qe7 20. Rad1 b5 21. cxb5 axb5 22. Nxb5 Rxa2 23. Qb3 Ra5 24. Nd6 Re5 25. Qc4 Bd7 26. b4 Qd8 27. Rfe1 Rxe1+ 28. Rxe1 Qb6 29. Ne4 Qc6 30. Nc5 Re8 31. Qd4 Bc8 32. Qc4 Kf8 33. b5 Qd5 34. Qb4 Kf7 35. b6 Re7 36. h3 Bb7 37. Nxb7 Rxb7 38. Rc1 e5 39. Rc7+ Kg6 40. Qe7 Rxb6 41. Qxg7+ Kf5 42. Qg4# 1-0


[Site "https://www.chess.com"]

[Event "Titled Tuesday Blitz June 28 Early 2022"]
[White "Kjartansson, David"]
[Black "Ning, Kaiyu"]
[WhiteFideId "2301130"]
[BlackFideId "8614750"]
[WhiteElo "2382"]
[BlackElo "2013"]
[Result "1-0"]
[Round "03"]
[TimeControl "180+1"]
[Date "2022.06.28"]
[WhiteClock "0:01:28"]
[BlackClock "0:00:39"]

1. d4 Nf6 2. Nc3 d5 3. Bf4 c5 4. e3 a6 5. dxc5 Nc6 6. a3 e5 7. Bg5 Be6 8. b4 Be7 9. Be2 h6 10. Bxf6 Bxf6 11. Qd2 e4 12. Rd1 Be5 13. Nxd5 O-O 14. c4 Qg5 15. g3 Rad8 16. h4 Qg6 17. Qc2 f5 18. Nh3 Qf7 19. Nhf4 Bf6 20. Bh5 1-0


[Site "https://www.chess.com"]

[Event "Titled Tuesday Blitz June 28 Early 2022"]
[White "Kollars, Dmitrij"]
[Black "Rychagov, Andrey"]
[WhiteFideId "12909572"]
[BlackFideId "4119932"]
[WhiteElo "2584"]
[BlackElo "2460"]
[Result "1-0"]
[Round "03"]
[TimeControl "180+1"]
[Date "2022.06.28"]
[WhiteClock "0:01:00"]
[BlackClock "0:01:13"]

1. Nf3 d5 2. g3 c6 3. Bg2 Bg4 4. O-O Nd7 5. h3 Bh5 6. d4 Ngf6 7. c4 e6 8. cxd5 exd5 9. Ne5 Bg6 10. Nc3 Be7 11. f4 Be4 12. Nxe4 Nxe4 13. Bxe4 dxe4 14. Qb3 Nxe5 15. dxe5 Qb6+ 16. Be3 Bc5 17. Qxb6 Bxb6 18. Kf2 f6 19. exf6 gxf6 20. Rad1 Ke7 21. a3 Rad8 22. Bxb6 axb6 23. Ke3 f5 24. g4 Ke6 25. Rg1 h6 26. gxf5+ Kxf5 27. Rxd8 Rxd8 28. Rg7 Rd1 29. Rf7+ Ke6 30. Rxb7 b5 31. Rh7 Rb1 32. b4 Kd5 33. Rd7+ Kc4 34. f5 Rh1 35. Kxe4 Rxh3 36. Rd4+ Kc3 37. Rd3+ 1-0


[Site "https://www.chess.com"]

[Event "Titled Tuesday Blitz June 28 Early 2022"]
[White "Korchmar, Vasiliy"]
[Black "Mickiewicz, Piotr"]
[WhiteFideId "24131750"]
[BlackFideId "1114891"]
[WhiteElo "2370"]
[BlackElo "2209"]
[Result "1-0"]
[Round "03"]
[TimeControl "180+1"]
[Date "2022.06.28"]
[WhiteClock "0:00:35"]
[BlackClock "0:00:08"]

1. e4 c5 2. Nf3 d6 3. d4 cxd4 4. Nxd4 Nf6 5. Nc3 Nc6 6. Bg5 e6 7. Bb5 Qb6 8. Bxf6 gxf6 9. Qd3 Bd7 10. Bxc6 bxc6 11. O-O-O Rb8 12. Nb3 d5 13. exd5 cxd5 14. Rhe1 Bh6+ 15. Kb1 O-O 16. Qh3 Bg7 17. Re3 Kh8 18. Nxd5 Qd6 19. Nc3 Qc7 20. Rd4 h6 21. Rh4 Kh7 22. Rg3 Rg8 23. Ne4 Qe5 24. Qg4 f5 25. Ng5+ Kg6 26. Qh5+ Kf6 27. Qxf7# 1-0


[Site "https://www.chess.com"]